 Dungeon Crawl Stone Soup version 0.19-GnollCrawlA-1-g03664ee (webtiles) character file.

2270 PurpleRed the Skirmisher (level 1, 0/19 HPs)
             Began as a Minotaur Berserker on Sept 1, 2016.
             Was a High Priest of Trog.
             Slain by a gnoll
             ... wielding a +2 halberd of pain
              (5 damage)
             ... on level 2 of the Vaults.
             The game lasted 00:38:30 (10891 turns).

PurpleRed the Skirmisher (Minotaur Berserker)      Turns: 10891, Time: 00:38:31

Health: 0/19       AC: 14    Str: 18    XL:     1   Next: 0%
Magic:  0/27       EV: 11    Int:  6    God:    Trog [*****.]
Gold:   1068       SH:  0    Dex: 12    Spells: 0 memorised, 0 levels left

rFire  . . .     SeeInvis +     e - +6 scythe of Watchfulness {flame, +Inv MP+9 Str-3}
rCold  . . .     Gourm    .     H - +5 ring mail of Free Will {MR+ Regen+ Int+2 SInv}
rNeg   . . .     Faith    .     (shield currently unavailable)
rPois  .         Spirit   +     (helmet restricted)
rElec  .         Dismiss  .     z - +1 cloak
rCorr  .         Reflect  .     N - +1 pair of gloves {Dex+3}
SustAt .         Harm     .     (no boots)
MR     +....                    Q - amulet of guardian spirit
Stlth  +.........               E - ring of magical power
                                A - ring of magical power

@:
A: retaliatory headbutt, horns 2
a: Berserk, Trog's Hand, Brothers in Arms, Burn Spellbooks, Renounce Religion,
Evoke Invisibility


You were on level 2 of the Vaults.
You worshipped Trog.
Trog was extremely pleased with you.
You were very full.

You visited 4 branches of the dungeon, and saw 20 of its levels.
You visited the Abyss 1 time.
You also visited: Sewer and Ice Cave.

You collected 1743 gold pieces.
You spent 675 gold pieces at shops.

Inventory:

Hand Weapons
 e - the +6 scythe of Watchfulness (weapon) {flame, +Inv MP+9 Str-3}
   (You found it on level 3 of the Elven Halls)

   It has been specially enchanted to burn those struck by it, causing extra
   injury to most foes and up to half again as much damage against particularly
   susceptible opponents.
   Big, fiery blades are also staple armaments of hydra-hunters.
   It affects your strength (-3).
   It affects your magic capacity (+9).
   It lets you turn invisible.
 v - a +4 dagger of electrocution
 F - a +4 hand crossbow of venom
Missiles
 q - 48 bolts
Armour
 i - the +3 plate armour of Eternal Vigilance {+Inv rElec Dex-3}
   (You found it on level 9 of the Dungeon)

   It affects your dexterity (-3).
   It insulates you from electricity.
   It lets you turn invisible.
 y - a +0 buckler
 z - a +1 cloak (worn)
 H - the +5 ring mail of Free Will (worn) {MR+ Regen+ Int+2 SInv}
   (You found it on level 3 of the Elven Halls)

   It affects your intelligence (+2).
   It affects your resistance to hostile enchantments.
   It lets you see invisible.
   It increases your rate of regeneration.
 N - a +1 pair of gloves of dexterity (worn)
Jewellery
 b - a +5 ring of strength
 s - an uncursed ring of protection from cold
 A - a ring of magical power (left hand)
 E - a ring of magical power (right hand)
 P - the ring of Lugonu's Esteem {rPois rF+ Dex+3}
   (You found it on level 3 of the Elven Halls)

   [ring of poison resistance]

   It affects your dexterity (+3).
   It protects you from fire.
   It protects you from poison.
 Q - an amulet of guardian spirit (around neck)
Wands
 l - a wand of paralysis (9/24)
 o - a wand of iceblast (15/15)
 p - a wand of paralysis (12/24)
 w - a wand of polymorph (16/24)
 x - a wand of random effects (20/48)
 B - a wand of acid (4/15)
 C - a wand of enslavement (1/24)
 D - a wand of flame (29/48)
 G - a wand of random effects (18/48)
 I - a wand of paralysis (14/24)
 L - a wand of iceblast (4/15)
 M - a wand of lightning (6/15)
 U - a wand of disintegration (11/24)
Scrolls
 c - a scroll of magic mapping
 j - 4 scrolls of remove curse
 k - a scroll of holy word
 K - 3 scrolls of teleportation
 O - a scroll of blinking
 R - a scroll of enchant weapon
 S - a scroll of recharging
 T - a scroll of summoning
Potions
 a - a potion of agility {unknown}
 d - 2 potions of ambrosia {unknown}
 f - 9 potions of curing
 h - 2 potions of magic {unknown}
 m - 2 potions of flight {unknown}
 n - 2 potions of heal wounds {unknown}
 r - a potion of brilliance {unknown}
 t - a potion of might {unknown}
 u - a potion of resistance {unknown}
 J - a potion of cancellation {unknown}
Miscellaneous
 g - a phial of floods


   Skills:
 + Level 3.6 Fighting
 + Level 3.2 Short Blades
 + Level 2.4 Armour
 + Level 2.1 Dodging


You couldn't memorise any spells.
You didn't know any spells.

Dungeon Overview and Level Annotations

Branches:
Dungeon (13/15)              Lair (0/6) D:11            Orc (2/2) D:10
    Elf (3/3) Orc:2        Vaults (2/5) D:13
 Temple: D:1-2        Crypt: Vaults:2-3

Altars:
Cheibriados
Elyvilon
Uskayaw
Vehumet
Yredelemnul
Beogh

Shops:
D:5 %=   D:8 [   Orc:2 %[=*


Innate Abilities, Weirdness & Mutations

You reflexively headbutt those who attack you in melee.
You have a pair of horns on your head.


Message History

Aim: a gnoll, wielding a halberd of gnoll (severely wounded)
You reach to attack!
You closely miss the gnoll.
The gnoll is severely wounded.
The gnoll hits you but does no damage.
Attack whom?
Press: ? - help, Dir - move target cursor, f/p - gnoll
Aim: a gnoll, wielding a halberd of pain (severely wounded)
You reach to attack!
You closely miss the gnoll.
The gnoll is severely wounded.
The gnoll barely misses you.
The gnoll hits you from afar with a halberd of pain!
Attack whom?
Press: ? - help, Dir - move target cursor, f/p - gnoll
Aim: a gnoll, wielding a halberd of gnoll (severely wounded)
You reach to attack!
You closely miss the gnoll.
The gnoll is severely wounded.
The gnoll hits you from afar with a halberd of pain.
* * * LOW HITPOINT WARNING * * *
The gnoll hits you from afar with a halberd of pain!
You gnoll...

#.......#..###
#.#...#.'.###.
#.......#.##.. ####+####
##'######.#).. ........#
#.# #.##..#.# >.......#
##.###.##.).## .......g#
#...#...'.....
........###...#...######
.......@##.###.###.#
........##.###.###.##
........'...#...#...#
........#...#...#...#
############.# #.####
#### ##.###.## ##...#
#...#...# #.....#
#...#...# #.....#####
#.####


You could see a gnoll.

Vanquished Creatures
  216 gnolls
216 creatures vanquished.

Vanquished Creatures (collateral kills)
  23 gnolls
23 creatures vanquished.

Vanquished Creatures (others)
  4 gnolls (IceCv)
4 creatures vanquished.

Grand Total: 243 creatures vanquished

Notes
Turn   | Place    | Note
-------+----------+-------------------------------------------
     0 | D:1      | PurpleRed the Minotaur Berserker began the quest for the Orb.
     0 | D:1      | Reached XP level 1. HP: 19/19 MP: 0/0
  1649 | D:5      | Entered Level 5 of the Dungeon
  1649 | D:5      | Found Beazxau's Jewellery Shop.
  1654 | D:5      | Identified the Handbook of the Supportive Birds
  1778 | D:5      | Found Faniw's Food Boutique.
  1913 | D:5      | Found a white marble altar of Elyvilon.
  1916 | D:5      | Found a basalt altar of Yredelemnul.
  1958 | D:5      | Found a hide-covered altar of Uskayaw.
  1959 | D:5      | Found a radiant altar of Vehumet.
  1962 | D:5      | Found a snail-covered altar of Cheibriados.
  2067 | D:5      | Found a glowing drain.
  2080 | Sewer    | Entered a sewer
  2171 | Sewer    | Found a white marble altar of Elyvilon.
  2506 | D:8      | Found Manaolo's Antique Armour Shop.
  2672 | D:8      | Reached ** piety under Trog
  4760 | D:9      | Reached *** piety under Trog
  4766 | D:9      | Got a brightly glowing plate armour
  4784 | D:9      | Identified the +3 plate armour of Eternal Vigilance {+Inv rElec Dex-3} (You found it on level 9 of the Dungeon)
  4962 | D:10     | Entered Level 10 of the Dungeon
  5221 | D:10     | Found a staircase to the Orcish Mines.
  5233 | Orc:1    | Entered Level 1 of the Orcish Mines
  5586 | Orc:2    | Entered Level 2 of the Orcish Mines
  5747 | Orc:2    | Found a staircase to the Elven Halls.
  6034 | Orc:2    | Found Naxt's Assorted Antiques.
  6042 | Orc:2    | Found Qoliqui's Jewellery Boutique.
  6069 | Orc:2    | Found a roughly hewn altar of Beogh.
  6080 | Orc:2    | Found Daug's Food Boutique.
  6083 | Orc:2    | Found Xateasch's Armour Emporium.
  6439 | Orc:2    | Bought a scroll labeled GIUXA QELAPLE for 31 gold pieces
  6439 | Orc:2    | Bought a scroll labeled IRHAONGISCHU for 31 gold pieces
  6439 | Orc:2    | Bought a potion of curing for 93 gold pieces
  6483 | Elf:1    | Entered Level 1 of the Elven Halls
  6982 | Elf:3    | Entered Level 3 of the Elven Halls
  7013 | Elf:3    | Reached **** piety under Trog
  7219 | Elf:3    | Found a frozen archway.
  7232 | IceCv    | Entered an ice cave
  8073 | IceCv    | Killed a gnoll
  8247 | IceCv    | Got a twisted troll leather armour
  8259 | IceCv    | Identified the cursed +0 troll leather armour of the First Wishes {+Inv rF- Regen+ Str+7 Stlth+} (You found it in an ice cave)
  8806 | Elf:3    | Got a bloodstained ring mail
  8817 | Elf:3    | Identified the +5 ring mail of Free Will {MR+ Regen+ Int+2 SInv} (You found it on level 3 of the Elven Halls)
  9010 | Elf:3    | Reached ***** piety under Trog
  9015 | Elf:3    | Identified a +7 rod of inaccuracy (14/14) (You found it on level 3 of the Elven Halls)
  9043 | Elf:3    | Got a faintly glowing marble ring
  9044 | Elf:3    | Identified the ring "Teniff" {*Tele +Fly Int+2} (You found it on level 3 of the Elven Halls)
  9051 | Elf:3    | Got a steaming halberd
  9056 | Elf:3    | Got a slimy quarterstaff
  9094 | Elf:3    | Got an ebony scythe
  9109 | Elf:3    | Got a transparent amethyst amulet
  9110 | Elf:3    | Identified the amulet of Divine Intervention {Faith rF+} (You found it on level 3 of the Elven Halls)
  9114 | Elf:3    | Got a pitted dire flail
  9119 | Elf:3    | Got a clouded marble ring
  9134 | Elf:3    | Identified the ring of Lugonu's Esteem {rPois rF+ Dex+3} (You found it on level 3 of the Elven Halls)
  9141 | Elf:3    | Identified the +6 scythe of Watchfulness {flame, +Inv MP+9 Str-3} (You found it on level 3 of the Elven Halls)
  9142 | Elf:3    | Identified the +5 dire flail "Ateqauhi" {freeze, Dex+3} (You found it on level 3 of the Elven Halls)
  9143 | Elf:3    | Identified the +6 quarterstaff of Tiajuv {distort, rPois rN+} (You found it on level 3 of the Elven Halls)
  9144 | Elf:3    | Cast into level 1 of the Abyss (a distortion unwield)
  9144 | Abyss:1  | Found a corrupted altar of Lugonu.
  9210 | Elf:3    | Escaped the Abyss
  9546 | D:5      | Bought an uncursed ring of magical power for 260 gold pieces
  9552 | D:5      | Bought an uncursed ring of magical power for 260 gold pieces
 10239 | D:11     | Found a staircase to the Lair.
 10442 | D:13     | Received a gift from Trog
 10516 | D:13     | Found a gate to the Vaults.
 10526 | Vaults:1 | Entered Level 1 of the Vaults
 10891 | Vaults:2 | Slain by a gnoll

Action                   || total
-------------------------++-------
Melee: Short sword       ||   223
       Dagger            ||   173
       Scythe            ||   136
       Headbutt          ||    80
Invok: Berserk           ||    44
       Burn Spellbooks   ||     4
       Brothers in Arms  ||     2
Evoke: Wand              ||    13
  Use: Scroll            ||    20
       Potion            ||     5
  Eat: Meat ration       ||     1
Armor: Plate armour      ||    78
       Ring mail         ||    53
       Chain mail        ||    39
Dodge: Dodged            ||   208
Block: Buckler           ||    34
       Other             ||     2
